 Dungeon Crawl Stone Soup version 0.31-a0-963-ga325b2283a (webtiles) character file.

Game seed: 17271138612766339844

11664 benadryl the Grappler (level 11, -2/172 HPs)
             Began as a Troll Shapeshifter on Oct 25, 2023.
             Was an Elder of Makhleb.
             Slain by Donald
             ... wielding a +4 long sword of electrocution
              (16 damage)
             ... on level 1 of the Orcish Mines.
             The game lasted 00:26:09 (11008 turns).

benadryl the Grappler (Troll Shapeshifter)         Turns: 11008, Time: 00:26:09

Health: -2/172     AC: 25    Str: 24    XL:     11   Next: 52%
Magic:  15/15      EV:  1    Int:  6    God:    Makhleb [****..]
Gold:   587        SH:  0    Dex: 19    Spells: 10/10 levels left

rFire   . .          .
                       - Unarmed
rCold   . . .        (no shield)
rNeg    . . .        g - melded +1 steam dragon scales
rPois   +            (helmet currently unavailable)
rElec   .            (cloak currently unavailable)
rCorr   .            (gloves unavailable)
SInv    +            (boots unavailable)
Will    .....        i - amulet of faith
Stlth   ++           A - +6 ring of dexterity
HPRegen 1.28/turn    s - ring of see invisible
MPRegen 0.14/turn

%: faith
@: tree-form
A: stationary, stasis, torment immunity, boosted hp, large, unfitting armour,
(claws 3), regeneration 1, (shaggy fur 1), (tough skin 1)
a: Renounce Religion, Minor Destruction, Lesser Servant of Makhleb, Major
Destruction


You were on level 1 of the Orcish Mines.
You worshipped Makhleb.
Makhleb was greatly pleased with you.
You were a tree.
You visited 3 branches of the dungeon, and saw 13 of its levels.

You collected 587 gold pieces.

Inventory:

Hand Weapons
 p - a +3 whip of flaming
 B - the +8 quarterstaff "Demonslayer" {freeze, rPois}
   (You found it on level 8 of the Dungeon)

   rPois:     It protects you from poison
Missiles
 f - 3 throwing nets
 h - 2 curare-tipped darts
 u - 5 javelins
Armour
 a - a +1 animal skin
 e - an orb of energy
 g - +1 steam dragon scales (melded)
Jewellery
 i - an amulet of faith (around neck)
 n - a ring of wizardry
 q - an amulet of reflection
 s - a ring of see invisible (right branch)
 A - a +6 ring of dexterity (left branch)
Talismans
 c - a beast talisman
 d - a flux talisman
Wands
 k - a wand of paralysis (8)
 y - a wand of roots (29)
Scrolls
 z - 3 scrolls of amnesia
Potions
 b - 3 potions of lignification
 j - 3 potions of mutation
 m - 2 potions of ambrosia
 o - a potion of attraction {unknown}
 r - a potion of enlightenment
 t - a potion of magic {unknown}
 w - a potion of might {unknown}
 x - 2 potions of degeneration {unknown}


   Skills:
 * Level 9.1 Fighting
 - Level 5.0 Dodging
 - Level 10.0 Unarmed Combat
 - Level 7.0 Invocations
 - Level 7.0 Shapeshifting


You had 10 spell levels left.
You didn't know any spells.
Your spell library contained the following spells:

 Spells                   Type           Power      Damage    Failure   Level
 Apportation              Tloc           0%         N/A       45%         1
 Necrotise                Necr           0%         1d4       45%         1
 Shock                    Conj/Air       0%         1d3       45%         1
 Summon Small Mammal      Summ           0%         N/A       45%         1
 Scorch                   Fire           0%         2d5       58%         2
 Ignite Poison            Fire/Tmut/Pois 0%         N/A       83%         3
 Stone Arrow              Conj/Erth      0%         3d7       83%         3
 Swiftness                Air            0%         N/A       83%         3
 Airstrike                Air            0%         2d(0-16)  99%         4
 Animate Armour           Summ/Erth      0%         N/A       99%         4
 Animate Dead             Necr           0%         N/A       99%         4
 Brom's Barrelling Bould  Conj/Erth      0%         2d3       99%         4
 Flame Wave               Conj/Fire      0%         2d4       99%         4
 Sticky Flame             Conj/Fire      0%         2d3       99%         4
 Borgnjor's Vile Clutch   Necr/Erth      0%         N/A       100%        5
 Fireball                 Conj/Fire      0%         3d3       100%        5
 Iskenderun's Battlesphe  Conj           0%         2d6       100%        5
 Conjure Ball Lightning   Conj/Air       0%         3x3d6     100%        6
 Death Channel            Necr           0%         N/A       100%        6
 Summon Cactus Giant      Summ           0%         N/A       100%        6
 Haunt                    Necr/Summ      0%         N/A       100%        7
 Orb of Destruction       Conj           0%         9d5       100%        7
 Ignition                 Fire           0%         3d3       100%        8
 Infestation              Necr           0%         N/A       100%        8
 Lehudib's Crystal Spear  Conj/Erth      0%         10d2      100%        8


Dungeon Overview and Level Annotations

Branches:
Dungeon (10/15)            Temple (1/1) D:6            Lair (0/5) D:10
    Orc (2/2) D:9
    Elf: Orc:2

Altars:
Ashenzari
Elyvilon
Fedhas
Gozag
Hepliaklqana
Kikubaaqudgha
Makhleb
Nemelex Xobeh
Okawaru
Qazlal
Ru
Sif Muna
Trog
Uskayaw
Vehumet
Wu Jian
Xom
Yredelemnul
Zin

Shops:
D:2 ?   D:7 !   D:10 =

Annotations:
D:7 3 runed translucent doors, PowderKeg's ghost, novice OpSh; Spaninq's ghost, novice DrSh; p00ps00p's ghost, novice HOFi
D:8 1 runed translucent door, justen's ghost, novice GnSh
Orc:1 Donald


Innate Abilities, Weirdness & Mutations

You are a tree.
Your roots penetrate the ground, keeping you stationary.
You cannot be teleported.
You are immune to unholy pain and torment.
Your maximum health is greatly increased.
Your equipment is partially melded.
You are too large for most types of armour.
((You have claws for hands.))
Your natural rate of healing is unusually fast.
((You are covered in fur. (AC +1)))
((You have tough skin. (AC +1)))


Message History

Your ufetubus hits Donald but does no damage.
Donald blocks your ufetubus's attack.
Donald hits you with a +4 long sword of electrocution.
Your ufetubus hits Donald but does no damage. x2
You strike the helpless Donald from behind!
You smack Donald!
Donald is lightly wounded.
Donald says, "What kind of a name is Fauntleroy?"
Donald casts a spell.
Donald seems to speed up.
Donald blocks your ufetubus's attack.
Your ufetubus hits Donald but does no damage.
Donald blocks your attack. x2
Donald is lightly wounded.
Donald hits you with a +4 long sword of electrocution!!
Your ynoxinul hits Donald but does no damage.
Your ufetubus hits Donald but does no damage.
Donald blocks your ufetubus's attack.
You hit Donald but do no damage.
Donald is lightly wounded.
Donald hits you with a +4 long sword of electrocution.
Donald blocks your ufetubus's attack. x2; Donald blocks your ynoxinul's attack.
Donald hits you but does no damage.
You are electrocuted!
* * * LOW HITPOINT WARNING * * *
Donald blocks your attack.
Donald is lightly wounded.
Donald blocks your ufetubus's attack.
Your ufetubus barely misses Donald.
Your ynoxinul completely misses Donald.
Donald hits you with a +4 long sword of electrocution!!
* * * LOW HITPOINT WARNING * * *
You hit Donald.
Donald is lightly wounded.
Your ufetubus barely misses Donald.
Your ufetubus hits Donald but does no damage.
Donald hits you with a +4 long sword of electrocution!!
* * * LOW HITPOINT WARNING * * *
Your ufetubus hits Donald but does no damage.
Donald blocks your ufetubus's attack.
Your ynoxinul barely misses Donald.
You feel better. Donald hits you but does no damage.
You are electrocuted!
You die...
Donald says, "I won.
I... don't hate that."

##.##.#####...........###.##
#####.##.#........@...####
#.................##
##..#.....#........#
#.....####........#
##....###.........#
###.###.#5....5.##
###....@##....#
#.....3♣#...## ##.###.....##
### ##.#.## #####


You could see Donald (fast, strong, ally target), a friendly ynoxinul (summoned)
and a friendly ufetubus (summoned).

Vanquished Creatures
  2 two-headed ogres
  Pikel (D:4)
  Psyche (D:9)
  A troll (Orc:1)
  Sigmund (D:3)
  2 wraiths (Orc:1)
  10 yaks
  2 steam dragons (D:8)
  Menkaure (D:5)
  Edmund (D:4)
  A water moccasin (D:6)
  Duvessa (D:5)
  8 orc warriors
  5 sky beasts
  4 black bears
  4 ice beasts
  An ogre (Orc:1)
  2 centaurs
  3 kobold brigands
  A bullfrog (D:9)
  3 scorpions
  A gnoll sergeant (D:9)
  13 wights
  Dowan (D:5)
  7 killer bees
  4 electric eels (D:8)
  9 howler monkeys
  4 hounds
  8 orc priests
  A gnoll bouda (D:8)
  Jessica (D:3)
  4 iguanas
  18 orc wizards
  19 gnolls
  5 adders
  A white imp (D:7)
  4 ufetubi (D:4)
  3 worms
  3 dart slugs
  46 orcs
  7 bats
  10 endoplasms
  5 giant cockroaches
  14 goblins
  7 hobgoblins
  12 jackals
  18 kobolds
  5 quokkas
  5 ball pythons
  4 frilled lizards
  4 rats
298 creatures vanquished.

Vanquished Creatures (collateral kills)
  Josephine (Orc:1)
  A two-headed ogre (D:9)
  A wraith (Orc:1)
  An orc wizard (D:9)
  A gnoll (D:9)
  2 orcs
  A goblin (D:9)
8 creatures vanquished.

Grand Total: 306 creatures vanquished

Notes
Turn   | Place    | Note
-------+----------+-------------------------------------------
     0 | D:1      | benadryl the Troll Shapeshifter began the quest for the
                  | Orb.
     0 | D:1      | Reached XP level 1. HP: 18/18 MP: 0/0
    63 | D:1      | Reached skill level 1 in Fighting
    73 | D:1      | Reached XP level 2. HP: 24/27 MP: 1/1
   418 | D:1      | Reached XP level 3. HP: 33/33 MP: 2/2
   581 | D:1      | Found a faded altar of an unknown god.
   907 | D:2      | Reached skill level 4 in Unarmed Combat
   907 | D:2      | Found Leerost's Magic Scroll Emporium.
  1103 | D:2      | Reached XP level 4. HP: 42/42 MP: 3/3
  1736 | D:3      | Reached XP level 5. HP: 49/49 MP: 4/4
  1823 | D:3      | Noticed Jessica
  1830 | D:3      | Killed Jessica
  1831 | D:3      | Reached skill level 5 in Unarmed Combat
  2550 | D:3      | Noticed Sigmund
  2793 | D:3      | Killed Sigmund
  2794 | D:3      | Reached XP level 6. HP: 47/57 MP: 5/5
  2918 | D:4      | Reached skill level 6 in Unarmed Combat
  3062 | D:4      | Noticed Pikel
  3079 | D:4      | Killed Pikel
  3080 | D:4      | Reached skill level 5 in Fighting
  3080 | D:4      | Reached XP level 7. HP: 66/72 MP: 6/6
  3250 | D:4      | Found a stormy altar of Qazlal.
  3252 | D:4      | Found a sacrificial altar of Ru.
  3336 | D:4      | Reached XP level 8. HP: 81/81 MP: 7/7
  3380 | D:4      | Reached skill level 5 in Shapeshifting
  3828 | D:5      | Entered Level 5 of the Dungeon
  3880 | D:5      | Noticed Edmund
  3884 | D:5      | Noticed Duvessa
  4003 | D:5      | Noticed Dowan
  4026 | D:4      | Killed Edmund
  4326 | D:5      | Noticed Menkaure
  4338 | D:5      | Killed Menkaure
  4405 | D:5      | Reached XP level 9. HP: 89/89 MP: 8/8
  4579 | D:5      | Killed Duvessa
  4593 | D:5      | Killed Dowan
  4680 | D:6      | Found a staircase to the Ecumenical Temple.
  4691 | Temple   | Entered the Ecumenical Temple
  4748 | Temple   | Became a worshipper of Makhleb the Destroyer
  5237 | D:6      | Reached skill level 5 in Dodging
  5237 | D:6      | Reached skill level 1 in Invocations
  5970 | D:7      | Found Beusy's Distillery.
  6271 | D:7      | Reached * piety under Makhleb
  6275 | D:7      | Reached skill level 5 in Invocations
  6649 | D:7      | Found a runed translucent gate.
  6649 | D:7      | Found a runed translucent gate.
  6650 | D:7      | Found a runed translucent gate.
  6743 | D:7      | Noticed p00ps00p's ghost (novice HOFi)
  6743 | D:7      | Noticed Spaninq's ghost (novice DrSh)
  6744 | D:7      | Noticed PowderKeg's ghost (novice OpSh)
  7029 | D:7      | Found an ancient bone altar of Kikubaaqudgha.
  7138 | D:7      | Found a radiant altar of Vehumet.
  7152 | D:7      | Found a shimmering blue altar of Sif Muna.
  7277 | D:8      | Reached XP level 10. HP: 98/98 MP: 13/13
  7358 | D:8      | Found a runed translucent door.
  7358 | D:8      | Noticed justen's ghost (novice GnSh)
  7362 | D:8      | Reached ** piety under Makhleb
  7374 | D:8      | HP: 2/98 [orc priest/nerve-wracking pain (13)]
  7389 | D:9      | Noticed a two-headed ogre
  7684 | D:8      | Found an opulent altar of Gozag.
  7732 | D:8      | Identified the +8 quarterstaff "Demonslayer" {freeze,
                  | rPois}
  7810 | D:8      | Reached skill level 7 in Unarmed Combat
  8430 | D:9      | Noticed Psyche
  8440 | D:9      | Killed Psyche
  8441 | D:9      | Reached skill level 8 in Unarmed Combat
  8448 | D:9      | Reached *** piety under Makhleb
  8471 | D:8      | HP: 5/147 [steam dragon] (5)]
  8472 | D:8      | HP: 1/147 [steam dragon/ball of steam (13)]
  8890 | D:9      | Reached skill level 9 in Unarmed Combat
  9219 | D:9      | Found a staircase to the Orcish Mines.
  9282 | D:9      | Reached skill level 10 in Unarmed Combat
  9319 | D:9      | Killed a two-headed ogre
  9522 | D:9      | Noticed a two-headed ogre
  9530 | D:9      | Killed a two-headed ogre
  9531 | D:9      | Reached XP level 11. HP: 109/109 MP: 15/15
  9712 | D:9      | Found a hazy altar of Hepliaklqana.
  9769 | D:10     | Entered Level 10 of the Dungeon
  9771 | D:10     | Found Tirr's Jewellery Emporium.
  9813 | D:10     | Reached **** piety under Makhleb
 10254 | D:10     | Found a staircase to the Lair.
 10494 | Orc:1    | Entered Level 1 of the Orcish Mines
 10494 | Orc:1    | Noticed Josephine
 10506 | Orc:1    | Killed Josephine
 10646 | Orc:2    | Entered Level 2 of the Orcish Mines
 10648 | Orc:2    | Noticed a two-headed ogre
 10715 | Orc:1    | Killed a two-headed ogre
 10961 | Orc:2    | Noticed Donald
 11007 | Orc:1    | HP: 2/172 [Donald/+4 long sword of electrocution (25)]
 11008 | Orc:1    | Slain by Donald

Illustrated notes

Levels and vault maps discovered:
D:1:      lemuel_arrival_tunnels, layout_basic,
          dreamdust_ecumenical_altar_sealed_demon, minmay_tromino_v7
D:2:      layout_basic, serial_shops, shop, nicolae_elevator_lobby_asterisk
D:3:      layout_loops_corners, grunt_decor_cap, supply_closet_lemuel,
          uniq_sigmund, uniq_jessica
D:4:      cheibrodos_barr_body, layout_basic, nicolae_overflow_hidden_temple,
          uniq_pikel
D:5:      layout_gridville, uniq_menkaure, uniq_edmund, uniq_duvessa
D:6:      layout_gridville, minmay_temple_entry_waves
D:7:      layout_layer_cave, palyth_temple_overflow_mages,
          gammafunk_ghost_cemetery, serial_shops, nicolae_shop_peninsula
D:8:      layout_basic, mainiacjoe_overflow_surrounded_room,
          hellmonk_ghost_happy_afterlife, serial_bayou_lagoon_b
D:9:      layout_irregular_city, lemuel_tele_altar, orc_david_3, enter_bailey_3,
          wad_floor_pattern_untrapped, hangedman_misty_isle, uniq_psyche
D:10:     layout_cave_pools, lair_entry_dummy, serial_column_ruins,
          column_ruins_open_tiny, column_ruins_open_tiny,
          column_ruins_open_medium, column_ruins_columns_straight,
          column_ruins_open_small, column_ruins_columns_dead_end,
          minmay_misc_feat_ornament, minmay_shop_grid_forest
Temple:   minmay_temple_forest_path
Orc:1:    gammafunk_beogh_shrine, layout_caves, uniq_josephine, uniq_sonja
Orc:2:    st_orc_town, layout_diamond_mine, nicolae_orc_bridge_out, uniq_donald

Skill      XL: |  1  2  3  4  5  6  7  8  9 10 11 |
---------------+----------------------------------+-----
Fighting       | 1 2 5 6 7 9 |  9.1
Unarmed Combat | 4 5 6 10 | 10.0
Shapeshifting  | 4 7 |  7.0
Dodging        | 3 5 |  5.0
Invocations    | 6 7 |  7.0

Action                     |  1- 3 |  4- 6 |  7- 9 | 10-12 || total
---------------------------+-------+-------+-------+-------++-------
  Melee: Unarmed           |    90 |   123 |   269 |   294 ||   776
         Punch             |     1 |     3 |     5 |    15 ||    24
 Invoke: Minor Destruction |       |       |       |    24 ||    24
         Lesser Servant of |       |       |       |     6 ||     6
         Major Destruction |       |       |       |     1 ||     1
  Evoke: Wand              |       |     5 |       |     6 ||    11
    Use: Scroll            |     3 |     7 |     8 |     7 ||    25
         Potion            |       |       |     1 |    11 ||    12
   Stab: Sleeping          |       |     1 |     2 |       ||     3
         Paralysed         |       |     5 |       |       ||     5
         Distracted        |       |       |     1 |     1 ||     2
 Armour: Animal skin       |    64 |    93 |   224 |   121 ||   502
         Skin              |       |       |    10 |    41 ||    51
         Steam dragon scal |       |       |       |   209 ||   209
  Dodge: Dodged            |    24 |    52 |   150 |   245 ||   471
  Block: Other             |       |       |    28 |       ||    28

Table legend: (Time is in decaauts)
 A = Elapsed time spent in this place.
 B = Non-inter-level travel time spent in this place.
 C = Inter-level travel time spent in this place.
 D = Time resting spent in this place.
 E = Time spent auto-exploring this place.
 F = Levels seen in this place.
 G = Mean time per level.
                   A        B        C        D        E       F      G
               +--------+--------+--------+--------+--------+-----+--------+
         Total |  10913 |  10339 |    574 |   2483 |   5660 |  13 |  839.5 |
       Dungeon |  10277 |   9817 |    460 |   2200 |   5581 |  10 | 1027.7 |
        Temple |    114 |     11 |    103 |      0 |      0 |   1 |  114.0 |
  Orcish Mines |    521 |    511 |     10 |    282 |     79 |   2 |  260.5 |
               +--------+--------+--------+--------+--------+-----+--------+

Top non-repeatable levels by time:
     D:8: 1575 daAuts
     D:4: 1568 daAuts
     D:7: 1454 daAuts
     D:9: 970 daAuts
     D:3: 920 daAuts
     D:1: 860 daAuts
     D:6: 835 daAuts
     D:2: 819 daAuts
    D:10: 661 daAuts
     D:5: 612 daAuts
   Orc:1: 494 daAuts
  Temple: 114 daAuts
   Orc:2: 26 daAuts
